[Event "Titled Tuesday Blitz June 6 Early 2023"]
[White "Bochnicka, Vladimir"]
[Black "Petrosian, Karlen"]
[WhiteFideId "14943450"]
[BlackFideId "4176146"]
[WhiteElo "2094"]
[BlackElo "2345"]
[Result "0-1"]
[Round "2"]
[TimeControl "180+2"]
[Date "2023.06.06"]
[WhiteClock "0:00:03"]
[BlackClock "0:00:12"]
[Board "99"]

1. e4 e6 2. d4 d5 3. Nd2 h6 4. Ngf3 Nf6 5. Bd3 c5 6. c3 Nc6 7. O-O cxd4 8. cxd4 dxe4 9. Nxe4 Nb4 10. Bb5+ Bd7 11. Nxf6+ gxf6 12. Be2 Bc6 13. a3 Nd5 14. Bd2 Bd6 15. b4 a6 16. Rb1 b5 17. Rc1 Bb7 18. Ne1 f5 19. Nd3 Qh4 20. Ne5 Qxd4 21. Nc6 Qh4 22. g3 Qf6 23. Bf3 O-O 24. Bxd5 exd5 25. Bc3 Qg6 26. Qd4 Kh7 27. Ne5 Qf6 28. Rfe1 Rac8 29. Qd2 Rxc3 30. Qxc3 Rc8 31. Qd2 Rxc1 32. Qxc1 Bxe5 33. Qc5 Kg6 34. Qe3 Bc3 35. Rd1 d4 36. Qd3 Be4 37. Qe2 Qc6 38. h4 Bf3 39. Qf1 Bxd1 40. Qxd1 Qe4 41. h5+ Kg7 42. Kf1 d3 43. Kg1 Qe1+ 44. Qxe1 Bxe1 45. Kf1 Bc3 0-1


[Site "https://www.chess.com"]

[Event "Titled Tuesday Blitz June 6 Early 2023"]
[White "Yuan, Qingyu"]
[Black "Ansh M Shah"]
[WhiteFideId "8609772"]
[BlackFideId "25033379"]
[WhiteElo "2359"]
[BlackElo "2084"]
[Result "1-0"]
[Round "2"]
[TimeControl "180+2"]
[Date "2023.06.06"]
[WhiteClock "0:00:31"]
[BlackClock "0:00:02"]
[Board "100"]

1. e4 c6 2. d4 d5 3. exd5 cxd5 4. Bd3 Nc6 5. c3 Nf6 6. h3 e5 7. dxe5 Nxe5 8. Nf3 Nxd3+ 9. Qxd3 Bd6 10. O-O O-O 11. Be3 Be6 12. Nbd2 Qc7 13. Bd4 Nd7 14. Ng5 g6 15. Rfe1 Bf5 16. Qb5 Qc6 17. Qb3 Nc5 18. Bxc5 Bxc5 19. Ngf3 Rae8 20. Nf1 Be4 21. Nd4 Qf6 22. Rad1 Qg5 23. Ng3 Bb6 24. Re3 f5 25. Nxe4 fxe4 26. Rde1 Re5 27. Rxe4 Rxe4 28. Rxe4 Qc1+ 29. Kh2 Rxf2 30. Qxd5+ Kg7 31. Qd7+ Kh6 32. Rh4+ Kg5 33. Qe7+ 1-0


[Site "https://www.chess.com"]

[Event "Titled Tuesday Blitz June 6 Early 2023"]
[White "Schuh, Karsten"]
[Black "gau_npukyputb"]
[WhiteFideId "4637950"]
[WhiteElo "2177"]
[BlackElo "2716"]
[Result "0-1"]
[Round "2"]
[TimeControl "180+2"]
[Date "2023.06.06"]
[WhiteClock "0:00:08"]
[BlackClock "0:00:57"]
[Board "101"]

1. Nf3 c5 2. c4 Nc6 3. g3 g6 4. Bg2 Bg7 5. O-O Nf6 6. Nc3 O-O 7. d3 d6 8. Bf4 Bd7 9. Qd2 Re8 10. Bh6 Bh8 11. Rab1 Rb8 12. a3 a6 13. b4 cxb4 14. axb4 b5 15. cxb5 axb5 16. Rfc1 Ng4 17. Bg5 Nd4 18. Nxd4 Bxd4 19. e3 Bg7 20. e4 h6 21. Bf4 g5 22. Be3 Nxe3 23. Qxe3 e6 24. d4 Qb6 25. Ne2 Rec8 26. Qd3 Rc4 27. Rxc4 bxc4 28. Qxc4 Bb5 29. Qc2 Bxe2 30. Qxe2 Bxd4 31. b5 Rc8 32. e5 Bxe5 33. Bf1 Kg7 34. Rd1 Rc3 35. Qa2 Qc5 36. Qe2 Rb3 37. Qd2 Rb2 38. Qe3 Qxe3 39. fxe3 d5 40. Rc1 f5 41. Rc6 Kf6 42. b6 g4 43. Ba6 h5 44. Bc8 Kg5 45. Bxe6 d4 46. exd4 Bxd4+ 47. Kh1 Bxb6 48. Bf7 Rb1+ 49. Kg2 Rg1# 0-1


[Site "https://www.chess.com"]

[Event "Titled Tuesday Blitz June 6 Early 2023"]
[White "Wagner, Dennis"]
[Black "Toktomushev, Teimur"]
[WhiteFideId "24650684"]
[BlackFideId "14176726"]
[WhiteElo "2478"]
[BlackElo "2116"]
[Result "1/2-1/2"]
[Round "2"]
[TimeControl "180+2"]
[Date "2023.06.06"]
[WhiteClock "0:00:31"]
[BlackClock "0:00:07"]
[Board "102"]

1. d4 d5 2. c4 e6 3. Nf3 Nf6 4. g3 Bb4+ 5. Bd2 Be7 6. Bg2 O-O 7. O-O c6 8. Qc2 b6 9. Rd1 Ba6 10. b3 Nbd7 11. a4 c5 12. a5 Qc8 13. cxd5 Nxd5 14. Nc3 cxd4 15. Nxd4 Bf6 16. Nxd5 exd5 17. Qxc8 Raxc8 18. axb6 Bxd4 19. Rxa6 Bxb6 20. Bxd5 Rc2 21. Raa1 Nc5 22. Rac1 Rxc1 23. Rxc1 Rd8 24. e4 Nxe4 25. Bxe4 Rxd2 26. Rc8+ Rd8 27. Rxd8+ Bxd8 28. Kf1 Bb6 29. Ke2 g6 30. f4 Kg7 31. Kd3 h5 32. Bf3 Bg1 33. h3 Bh2 34. g4 hxg4 35. hxg4 Bxf4 36. Ke4 Bc7 37. Kd5 Bb6 38. Ke4 Kf6 39. Be2 Kg5 40. Bc4 f6 41. Kf3 Kh4 42. Bd3 Kg5 43. Bc2 Bc5 44. Bd3 Bb6 45. Bc2 f5 46. gxf5 gxf5 47. Bd3 f4 48. Bc4 Be3 49. Bd5 Kf6 50. Bc4 Ke5 51. Bb5 Kd4 52. Ba4 Kc3 53. Ke2 Bd4 54. Kf3 Be5 55. Ke4 Bc7 56. Kf3 a6 57. Ke4 Kd2 58. Kf3 Kc3 59. Ke4 Bb8 60. Kf3 Kd3 61. Bc6 a5 62. Bd5 Kc3 63. Be6 Kb4 64. Bf7 Kc3 65. Bg8 Kb4 66. Bf7 Kc3 67. Be6 Kb4 68. Bd5 Kc3 69. Bf7 Kb4 70. Bg8 Kc3 71. Bf7 Kd4 72. Bg8 Ke5 73. Bc4 Kd4 74. Bb5 Kc5 75. Ba4 Kb4 76. Ke4 Bc7 77. Kf3 Kc3 78. Ke4 Bd6 79. Kf3 Bc7 80. Ke4 Kd2 81. Kf3 Kd3 82. Bb5+ Kc3 83. Ba4 Kd4 84. Ke2 Ke4 85. Bc6+ Ke5 86. Kf3 Kd6 87. Ba4 Kc5 88. Ke4 Kb4 89. Kf3 Ka3 90. Ke4 Kb2 91. Kf3 Kc2 92. Ke2 Kc3 93. Kf3 Kd4 94. Ke2 Ke5 95. Kf3 Kd4 1/2-1/2


[Site "https://www.chess.com"]

[Event "Titled Tuesday Blitz June 6 Early 2023"]
[White "Fernandez Garcia, Gumersindo"]
[Black "Aradhya, Garg"]
[WhiteFideId "24516740"]
[BlackFideId "25006746"]
[WhiteElo "2093"]
[BlackElo "2263"]
[Result "1-0"]
[Round "2"]
[TimeControl "180+2"]
[Date "2023.06.06"]
[WhiteClock "0:00:20"]
[BlackClock "0:00:13"]
[Board "103"]

1. d4 d5 2. c4 e6 3. Nc3 Nf6 4. cxd5 exd5 5. Bg5 Be7 6. e3 h6 7. Bh4 Bg4 8. Qb3 Nbd7 9. Bd3 O-O 10. f3 Be6 11. Nge2 c5 12. Qd1 Qb8 13. O-O Bd6 14. Bg3 Bxg3 15. Nxg3 cxd4 16. exd4 a6 17. Re1 b5 18. Nf5 Nb6 19. b3 Ra7 20. Qd2 Bxf5 21. Bxf5 Re8 22. Rxe8+ Qxe8 23. Re1 Re7 24. Rxe7 Qxe7 25. Kf2 g6 26. Bb1 Kg7 27. Qe3 Qa3 28. Qd2 Qb4 29. Ke1 Qd6 30. g3 b4 31. Ne2 a5 32. Kf2 a4 33. Nf4 axb3 34. axb3 Qc7 35. Qxb4 Qc1 36. Bd3 Qb2+ 37. Be2 Nbd7 38. Nd3 Qa1 39. Qd2 Qxd4+ 40. Qe3 Qc3 41. b4 d4 42. Qc1 Nd5 43. b5 N7b6 44. h4 Nf6 45. Qf4 Nbd5 46. Qe5 Qc4 47. Nf4 Qc5 48. Nxd5 d3+ 49. Qe3 Qxd5 50. Qxd3 Qc5+ 51. Qe3 Qb4 52. b6 Nd5 53. Qe5+ Nf6 54. Qb5 Qd4+ 55. Kg2 Nd5 56. b7 Ne3+ 57. Kh2 Ng4+ 58. fxg4 Qf2+ 59. Kh1 Qxg3 60. b8=Q Qh3+ 61. Qh2 Qe3 62. Qg2 Qc1+ 63. Kh2 Qf4+ 64. Qg3 Qd2 65. Qbe5+ Kh7 66. Qgf4 Qa2 67. Qef6 Kg8 68. Qxf7+ Qxf7 69. Qxf7+ Kxf7 70. Bc4+ Kf6 71. Kg3 Ke5 72. Kf3 Kd4 73. Bf7 g5 74. h5 Ke5 75. Bg6 Kd4 76. Bf5 Ke5 77. Ke3 Kf6 78. Ke4 Kg7 79. Ke5 Kf7 80. Bg6+ Kg7 81. Ke6 Kg8 82. Bc2 Kg7 83. Ke7 Kg8 84. Kf6 Kh8 85. Kg6 Kg8 86. Kxh6 Kh8 87. Kxg5 Kg7 88. h6+ Kh8 89. Bd1 Kg8 90. Kh5 Kh8 91. g5 Kg8 92. Kg6 Kh8 93. Kf7 Kh7 94. g6+ Kh8 95. g7+ Kh7 96. g8=Q+ Kxh6 97. Qg6# 1-0


[Site "https://www.chess.com"]

[Event "Titled Tuesday Blitz June 6 Early 2023"]
[White "a-z30"]
[Black "Abdilkhair, Abilmansur"]
[BlackFideId "13716417"]
[WhiteElo "2399"]
[BlackElo "2210"]
[Result "0-1"]
[Round "2"]
[TimeControl "180+2"]
[Date "2023.06.06"]
[WhiteClock "0:00:08"]
[BlackClock "0:01:52"]
[Board "104"]

1. d3 d5 2. Nf3 Bg4 3. g3 Bxf3 4. exf3 Nd7 5. f4 e6 6. Nd2 h5 7. h4 g6 8. Nf3 Bg7 9. Bh3 Nh6 10. O-O c5 11. Re1 O-O 12. Ng5 Nf5 13. g4 hxg4 14. Bxg4 Nxh4 15. Nxe6 fxe6 16. Bxe6+ Kh7 17. Qg4 Nf5 18. Kg2 Nf6 19. Qh3+ Nh5 20. Re5 Bxe5 21. fxe5 Nh4+ 22. Kh1 Rxf2 23. Be3 Rf3 24. Qg4 Rxe3 25. Rf1 Ng3+ 0-1


[Site "https://www.chess.com"]

[Event "Titled Tuesday Blitz June 6 Early 2023"]
[White "LeoLV10"]
[Black "Gomez Ledo, Roberto Carlos"]
[BlackFideId "3507076"]
[WhiteElo "2402"]
[BlackElo "2378"]
[Result "1-0"]
[Round "2"]
[TimeControl "180+2"]
[Date "2023.06.06"]
[WhiteClock "0:00:16"]
[BlackClock "0:00:03"]
[Board "105"]

1. e4 e5 2. Nf3 Nc6 3. Bb5 a6 4. Ba4 Nf6 5. O-O Be7 6. c3 Nxe4 7. Bxc6 dxc6 8. Nxe5 O-O 9. d4 Nf6 10. Re1 c5 11. Be3 cxd4 12. cxd4 Be6 13. Nc3 Nd5 14. Qf3 Nxe3 15. fxe3 c6 16. Rad1 Qb6 17. Nd3 Rad8 18. a3 Bc4 19. Na4 Qb5 20. Nac5 Bxc5 21. Nxc5 Qxb2 22. a4 Bd5 23. Qg3 b5 24. a5 Rfe8 25. Nxa6 Re7 26. Nc5 Rde8 27. e4 Bc4 28. a6 b4 29. Rb1 Qa3 30. Qxa3 bxa3 31. Ra1 a2 32. Rec1 Bb5 33. Rxa2 Ra7 34. Rca1 Rea8 35. Ra5 Bc4 36. Kf2 Kf8 37. Ke3 Ke7 38. Kd2 Kd6 39. Kc3 Bb5 40. Kb4 Kc7 41. Rxb5 cxb5 42. Kxb5 Rb8+ 43. Ka5 Kc6 44. Rc1 Rb5+ 45. Ka4 Kb6 46. e5 Rc7 47. g4 Ra5+ 48. Kb4 Rb5+ 49. Ka4 Ra5+ 50. Kb3 Rb5+ 51. Ka3 Ra5+ 52. Kb2 Rb5+ 53. Kc2 Rbxc5+ 54. dxc5+ Rxc5+ 55. Kd2 Rxc1 56. Kxc1 Kxa6 57. Kd2 Kb5 58. Ke3 Kc5 59. Ke4 g6 60. h4 h6 61. e6 fxe6 62. Ke5 g5 63. hxg5 hxg5 64. Kxe6 Kc6 65. Kf5 Kd7 66. Kxg5 Ke7 67. Kh6 Kf8 68. g5 Kg8 69. Kg6 Kf8 70. Kh7 1-0


[Site "https://www.chess.com"]

[Event "Titled Tuesday Blitz June 6 Early 2023"]
[White "Lopez Idarraga, Daniel Eduardo"]
[Black "Khumalo, Keith"]
[WhiteFideId "4405501"]
[BlackFideId "14319470"]
[WhiteElo "1980"]
[BlackElo "2056"]
[Result "0-1"]
[Round "2"]
[TimeControl "180+2"]
[Date "2023.06.06"]
[WhiteClock "0:00:43"]
[BlackClock "0:01:23"]
[Board "106"]

1. d4 Nf6 2. Bf4 c5 3. e3 Qb6 4. Na3 d6 5. Nc4 Qc7 6. Nf3 b6 7. c3 Bb7 8. Bd3 a6 9. a4 Nbd7 10. h3 g6 11. O-O Bg7 12. Bh2 O-O 13. Re1 Rfe8 14. e4 e5 15. dxe5 Nxe5 16. Nfxe5 dxe5 17. f3 Rad8 18. Qc2 b5 19. axb5 axb5 20. Ne3 c4 21. Bf1 Nh5 22. Rad1 Bh6 23. Ng4 Bf4 24. Bxf4 exf4 25. Rxd8 Rxd8 26. Rd1 Qc5+ 27. Kh2 Rb8 28. Qd2 Rf8 29. Qd6 Qxd6 30. Rxd6 Bc8 31. Rb6 Bxg4 32. hxg4 Ng3 33. Kg1 Rd8 34. Rf6 Rd1 35. Rxf4 Ne2+ 0-1


[Site "https://www.chess.com"]

[Event "Titled Tuesday Blitz June 6 Early 2023"]
[White "Ruiz Aguilar, Pablo Alexander"]
[Black "Goltsev, Dmitry"]
[WhiteFideId "4401352"]
[BlackFideId "24176710"]
[WhiteElo "2111"]
[BlackElo "2356"]
[Result "0-1"]
[Round "2"]
[TimeControl "180+2"]
[Date "2023.06.06"]
[WhiteClock "0:00:05"]
[BlackClock "0:00:11"]
[Board "107"]

1. e4 e6 2. d4 d5 3. e5 c5 4. c3 Nc6 5. Nf3 Qb6 6. Be2 cxd4 7. cxd4 Nge7 8. Nc3 Nf5 9. Na4 Qd8 10. O-O h5 11. Bg5 Be7 12. Bxe7 Qxe7 13. Rc1 g5 14. Bb5 g4 15. Rxc6 bxc6 16. Bxc6+ Bd7 17. Bxa8 gxf3 18. Nc5 fxg2 19. Re1 h4 20. Bb7 h3 21. Ba6 Bc6 22. b4 Rh4 23. b5 Rxd4 24. Qh5 Qxc5 25. Qh8+ Ke7 26. Qf6+ Kd7 27. bxc6+ Kxc6 28. Qxf7 Qe7 29. Qg8 Kb6 30. Be2 Rb4 31. Qc8 Nd4 32. Bg4 Qc7 33. Qf8 Rb2 34. Qa3 Qc2 0-1


[Site "https://www.chess.com"]

[Event "Titled Tuesday Blitz June 6 Early 2023"]
[White "Chuemsakul, Sarocha"]
[Black "Chen, Justin"]
[WhiteFideId "6203710"]
[BlackFideId "2098199"]
[WhiteElo "1686"]
[BlackElo "2289"]
[Result "0-1"]
[Round "2"]
[TimeControl "180+2"]
[Date "2023.06.06"]
[WhiteClock "0:00:01"]
[BlackClock "0:00:01"]
[Board "108"]

1. d4 Nf6 2. c4 e6 3. Nf3 Bb4+ 4. Bd2 Qe7 5. g3 Nc6 6. Bg2 Bxd2+ 7. Nbxd2 d6 8. O-O a5 9. e4 e5 10. d5 Nb8 11. Ne1 h5 12. h4 O-O 13. Nd3 Na6 14. a3 Nc5 15. Nxc5 dxc5 16. b3 Bg4 17. Qc2 Ne8 18. Qc3 b6 19. Rae1 Nd6 20. f3 Bd7 21. f4 Rfe8 22. f5 Qf6 23. Nf3 Re7 24. a4 Ne8 25. Ng5 Qh6 26. Qf3 Rd8 27. Rf2 Bc8 28. Bf1 Rd6 29. Be2 Nf6 30. Ref1 Ng4 31. Rg2 Nf6 32. Qc3 Bd7 33. Rgf2 Kf8 34. Qc1 Ke8 35. Qd1 Kd8 36. Kg2 Kc8 37. Bf3 Kb8 38. Rg1 g6 39. fxg6 Qxg6 40. Rgf1 Ng4 41. Bxg4 Bxg4 42. Qd2 f6 43. Nh3 Qxe4+ 44. Kh2 Rg7 45. Qc2 Qe3 46. Qd2 Qxb3 47. Qh6 Rg8 48. Qh7 Rdd8 49. Rg1 Rdf8 50. Rxf6 Qxc4 51. Rxf8+ Rxf8 52. Qe7 Rc8 0-1


[Site "https://www.chess.com"]

[Event "Titled Tuesday Blitz June 6 Early 2023"]
[White "Mendez Fortes, Eduardo Jesus"]
[Black "Mejia, Cherry Ann"]
[WhiteFideId "3502376"]
[BlackFideId "5206880"]
[WhiteElo "2307"]
[BlackElo "2007"]
[Result "1-0"]
[Round "2"]
[TimeControl "180+2"]
[Date "2023.06.06"]
[WhiteClock "0:01:12"]
[BlackClock "0:00:01"]
[Board "109"]

1. e4 c5 2. Nf3 Nc6 3. d4 cxd4 4. Nxd4 Qb6 5. Nb3 Nf6 6. Nc3 e6 7. Qe2 d6 8. Be3 Qc7 9. g4 Be7 10. g5 Nd7 11. O-O-O a6 12. f4 b5 13. f5 Nde5 14. Qg2 Bb7 15. f6 gxf6 16. gxf6 Bxf6 17. Bxb5 O-O-O 18. Qf1 Ng4 19. Bxc6 Qxc6 20. Bd4 Bg5+ 21. Kb1 Rhe8 22. Na5 Qc7 23. Nxb7 Qxb7 24. Rg1 Ne3 25. Bxe3 Bxe3 26. Rg3 Bc5 27. Na4 Qb5 28. Nxc5 Qxf1 29. Rxf1 dxc5 30. Kc1 Rd7 31. Rc3 Rc7 32. e5 Rd8 33. Rcf3 Rd5 34. Rxf7 Rxe5 35. Rxc7+ Kxc7 36. Rf7+ Kb6 37. Rxh7 Re2 38. b3 e5 39. Kb2 e4 40. Kc3 Rg2 41. Re7 Rxh2 42. Rxe4 Kc6 43. Rg4 Kb6 44. Kb2 Kc6 45. a4 Kb6 46. Rc4 Rh6 47. Kc3 Rh3+ 48. Kd2 Rh2+ 49. Kc1 Rh5 50. Kb2 a5 51. Rg4 Rh6 52. Kc3 Kc6 53. Kc4 Kb6 54. Kd5 Rh5+ 55. Ke6 Rh6+ 56. Kf5 Rh5+ 57. Kg6 Rh2 58. Rc4 Rg2+ 59. Kf5 Rf2+ 60. Ke4 Rh2 61. Kd3 Rh3+ 62. Kd2 Rh2+ 63. Kc1 Rh5 64. Rf4 Rh6 65. Kb2 Kc6 66. Rf8 Kb6 67. Rb8+ Kc6 68. Rb5 Rh4 69. Rxa5 Rh3 70. Rb5 Rh4 71. Rb8 Kc7 72. Rg8 Kc6 73. Rg6+ Kd5 74. a5 Rb4 75. Ka3 Rb8 76. c3 c4 77. b4 Ke4 78. Ka4 Kd3 79. Rg3+ Kc2 80. b5 Rb7 81. a6 Rb8 82. Ka5 1-0


[Site "https://www.chess.com"]

[Event "Titled Tuesday Blitz June 6 Early 2023"]
[White "MunichMouse"]
[Black "Gavrilov, Maxim"]
[BlackFideId "24271454"]
[WhiteElo "2261"]
[BlackElo "1969"]
[Result "1-0"]
[Round "2"]
[TimeControl "180+2"]
[Date "2023.06.06"]
[WhiteClock "0:00:04"]
[BlackClock "0:00:06"]
[Board "110"]

1. d4 Nf6 2. c4 c6 3. Nf3 d5 4. e3 e6 5. Nc3 Nbd7 6. b3 Bd6 7. Be2 O-O 8. O-O b6 9. Bb2 Bb7 10. Rc1 Re8 11. Re1 Qe7 12. Qc2 Rac8 13. e4 dxe4 14. Nxe4 Bf4 15. Rcd1 c5 16. Bd3 h6 17. d5 e5 18. g3 Bg5 19. Nexg5 hxg5 20. Bf5 e4 21. Nxg5 Ne5 22. f4 Nd3 23. Re3 Nxb2 24. Qxb2 Rcd8 25. Nxe4 Nxe4 26. Rxe4 Qd6 27. Rde1 Rxe4 28. Rxe4 b5 29. Qe2 Qf8 30. Qh5 g6 31. Bxg6 Qg7 32. Bf5 bxc4 33. bxc4 Bc8 34. Kg2 Qb2+ 35. Kh3 Qg7 36. Re7 Rd6 37. Kg2 Qb2+ 38. Kh3 Qg7 39. Re8+ Qf8 40. Rxf8+ Kg7 41. Qh8# 1-0


[Site "https://www.chess.com"]

[Event "Titled Tuesday Blitz June 6 Early 2023"]
[White "Antonio, Jorge Carlos"]
[Black "MKlose11"]
[WhiteFideId "113190"]
[WhiteElo "2247"]
[BlackElo "2558"]
[Result "0-1"]
[Round "2"]
[TimeControl "180+2"]
[Date "2023.06.06"]
[WhiteClock "0:00:14"]
[BlackClock "0:01:17"]
[Board "111"]

1. d4 Nf6 2. Nf3 c5 3. c3 cxd4 4. cxd4 d6 5. e3 g6 6. Bd3 Bg7 7. O-O O-O 8. Bd2 b6 9. Bc3 Ba6 10. Bxa6 Nxa6 11. Nbd2 Nc7 12. Rc1 d5 13. Re1 Nb5 14. a4 Nd6 15. Ne5 Rc8 16. Qb3 e6 17. Bb4 a5 18. Bxd6 Qxd6 19. Qb5 Rfd8 20. Rc6 Rxc6 21. Nxc6 Rc8 22. Ne5 Ne8 23. Ndf3 f6 24. Nd7 Nc7 25. Qxb6 Qxd7 26. Qxa5 Ra8 27. Qb6 Rxa4 28. Rc1 Ne8 29. h4 Bf8 30. Rc6 Rb4 31. Qa6 Nc7 32. Rxc7 Qxc7 33. Qxe6+ Qf7 34. Qc8 Rxb2 35. h5 Rb7 36. hxg6 hxg6 37. Qg4 Rc7 38. g3 Bg7 39. Nh4 Kh7 40. Kg2 f5 41. Qf4 Bf6 42. Nf3 Kg7 43. Ne5 Bxe5 44. Qxe5+ Kh7 45. Qf4 Re7 46. Qg5 Kg7 47. Qf4 Qe6 48. Kf3 Qe4+ 49. Qxe4 dxe4+ 50. Kf4 Rc7 51. Ke5 Rc2 52. d5 Rxf2 53. Ke6 Re2 54. d6 Rxe3 55. d7 Rd3 56. Ke7 e3 57. d8=Q Rxd8 58. Kxd8 e2 0-1


[Site "https://www.chess.com"]

[Event "Titled Tuesday Blitz June 6 Early 2023"]
[White "Amitpal, Singh"]
[Black "Omelja, Artem"]
[WhiteFideId "5012899"]
[BlackFideId "14119846"]
[WhiteElo "2107"]
[BlackElo "2404"]
[Result "0-1"]
[Round "2"]
[TimeControl "180+2"]
[Date "2023.06.06"]
[WhiteClock "0:01:11"]
[BlackClock "0:00:35"]
[Board "112"]

1. e4 e5 2. Nf3 Nc6 3. d4 exd4 4. Nxd4 Nf6 5. Nc3 Bb4 6. Nxc6 bxc6 7. Bd3 O-O 8. O-O d5 9. exd5 cxd5 10. Bg5 c6 11. Qf3 Bd6 12. Bxf6 Qxf6 13. Qxf6 gxf6 14. Rfe1 Rb8 15. Rab1 Be5 16. Nd1 c5 17. b3 c4 18. Bf1 Bf5 19. Ne3 Bg6 20. Nxd5 Bxc2 21. Rbc1 cxb3 22. axb3 Bxb3 23. Rxe5 fxe5 24. Nf6+ Kg7 25. Nd7 Rfc8 26. Rb1 Rb4 27. Nxe5 a5 28. Nd3 Rbb8 29. h4 a4 30. Ra1 Bc4 31. Ne5 Bxf1 32. Kxf1 Rb2 33. g3 Ra8 34. Nc4 Rb4 35. Na3 Rc8 36. Ke2 Rc3 37. Kd2 Rc6 38. Ra2 Rcb6 39. Nc2 Rb2 40. Rxb2 Rxb2 41. Kc3 a3 42. Nxa3 Rxf2 43. Nc4 Rf3+ 44. Kd4 Rxg3 45. Ne5 Rh3 46. Ke4 Rxh4+ 47. Kf5 Rh5+ 48. Kf4 Rxe5 49. Kxe5 Kg6 50. Kf4 f5 51. Kg3 Kg5 52. Kh3 h5 53. Kg3 h4+ 54. Kh3 Kh5 55. Kh2 Kg4 56. Kg2 f4 57. Kh2 f3 58. Kg1 Kg3 59. Kh1 h3 60. Kg1 f2+ 61. Kf1 h2 0-1


[Site "https://www.chess.com"]

[Event "Titled Tuesday Blitz June 6 Early 2023"]
[White "Sharan, Rao"]
[Black "Dubov, Daniil"]
[WhiteFideId "5073464"]
[BlackFideId "24126055"]
[WhiteElo "2149"]
[BlackElo "2793"]
[Result "0-1"]
[Round "2"]
[TimeControl "180+2"]
[Date "2023.06.06"]
[WhiteClock "0:00:03"]
[BlackClock "0:01:55"]
[Board "113"]

1. d4 Nf6 2. Nf3 d5 3. Bf4 g6 4. e3 Bg7 5. Bd3 O-O 6. Nbd2 c5 7. c3 Nc6 8. O-O b6 9. a4 Bb7 10. h3 Nd7 11. Qe2 Re8 12. Rfd1 e5 13. dxe5 Ndxe5 14. Bb5 a6 15. Bxe5 Bxe5 16. Nxe5 Rxe5 17. Bxc6 Bxc6 18. Nf3 Re4 19. Nd2 Rxa4 20. Rxa4 Bxa4 21. Ra1 Bb5 22. Qg4 a5 23. Nf3 Qf6 24. Ng5 h6 25. Nf3 Bc6 26. Qg3 a4 27. Ne5 h5 28. Nxc6 Qxc6 29. Qe5 Re8 30. Qf4 b5 31. Rd1 Kg7 32. Qg5 b4 33. cxb4 cxb4 34. Qxd5 Qxd5 35. Rxd5 Ra8 36. Rd1 Kf6 37. Kf1 Ke5 38. Ke2 a3 39. bxa3 bxa3 40. Ra1 a2 41. Kd2 h4 42. Kc2 Ke4 43. Kd2 g5 44. f3+ Kd5 45. Kc3 Ra3+ 46. Kb2 Rxe3 47. Kxa2 Re2+ 48. Kb3 Rxg2 49. Kc3 Rg3 50. Kd2 Ke6 51. Ke3 Rxh3 52. Ra6+ Kf5 53. Ra5+ Kg6 54. Ke4 Rh1 55. Ra6+ f6 56. Ra2 Re1+ 57. Kd3 Kf5 58. Ra5+ Kf4 59. Ra6 f5 60. Ra5 h3 61. Kd2 Re8 62. Ra3 h2 63. Ra1 Rh8 64. Rh1 Kxf3 65. Ke1 Kg2 0-1


[Site "https://www.chess.com"]

[Event "Titled Tuesday Blitz June 6 Early 2023"]
[White "Floresvillar Gonzalez, Luis Migu"]
[Black "Makarian, Rudik"]
[WhiteFideId "5100542"]
[BlackFideId "44105681"]
[WhiteElo "2040"]
[BlackElo "2451"]
[Result "0-1"]
[Round "2"]
[TimeControl "180+2"]
[Date "2023.06.06"]
[WhiteClock "0:00:15"]
[BlackClock "0:01:28"]
[Board "114"]

1. d4 Nf6 2. c3 b6 3. Bg5 Bb7 4. Nd2 e6 5. f3 d5 6. e4 h6 7. Bxf6 Qxf6 8. e5 Qd8 9. Bd3 c5 10. Ne2 Nc6 11. Bb5 a6 12. Bxc6+ Bxc6 13. O-O Be7 14. f4 g6 15. Nf3 Rc8 16. Rc1 a5 17. Qd2 Bb5 18. Rfe1 Kf8 19. h3 Kg7 20. Kh2 Rc7 21. Qd1 Qd7 22. Ng3 a4 23. a3 Bc4 24. Nf1 Bxf1 25. Rxf1 b5 26. dxc5 Bxc5 27. Qd2 Rhc8 28. Nd4 Bxd4 29. Qxd4 Rc4 30. Qe3 d4 31. cxd4 Rxc1 32. Rxc1 Rxc1 33. Qxc1 Qxd4 34. h4 Qf2 35. Kh3 h5 36. Qc3 Qxf4 37. g3 Qf1+ 38. Kh2 Qf2+ 39. Kh3 Qe2 40. Qd4 Qf1+ 41. Kh2 Qf5 42. Qb4 Qxe5 43. b3 Qe2+ 44. Kg1 Qd1+ 45. Kh2 axb3 46. Qd4+ Qxd4 0-1


[Site "https://www.chess.com"]

[Event "Titled Tuesday Blitz June 6 Early 2023"]
[White "Kevlishvili, Robby"]
[Black "Marcziter, Dmitrii"]
[WhiteFideId "1040634"]
[BlackFideId "13900765"]
[WhiteElo "2572"]
[BlackElo "2162"]
[Result "1-0"]
[Round "2"]
[TimeControl "180+2"]
[Date "2023.06.06"]
[WhiteClock "0:01:47"]
[BlackClock "0:00:16"]
[Board "115"]

1. e4 c5 2. Nf3 a6 3. b4 b6 4. bxc5 bxc5 5. Nc3 Nc6 6. Bc4 e6 7. O-O Nf6 8. Re1 d6 9. Rb1 Be7 10. d3 O-O 11. Bf4 Rb8 12. Rxb8 Nxb8 13. e5 Ne8 14. exd6 Nxd6 15. Bb3 Nc6 16. Ne4 Nf5 17. h3 Bb7 18. Ne5 Nxe5 19. Bxe5 Nd4 20. Qg4 g6 21. Qf4 Nxb3 22. axb3 f5 23. Ng3 Qd5 24. f3 a5 25. Qh6 Bf6 26. Bxf6 Rxf6 27. Nh5 Rf7 28. Nf4 Qd4+ 29. Kh1 e5 30. Ne6 Qf2 31. Rxe5 Bxf3 32. Qg5 Rd7 33. gxf3 Qxf3+ 34. Qg2 Qd1+ 35. Kh2 a4 36. Qa8+ Kf7 37. Qf8# 1-0


[Site "https://www.chess.com"]

[Event "Titled Tuesday Blitz June 6 Early 2023"]
[White "Pranav Anand"]
[Black "Manukian, Artak"]
[WhiteFideId "46626786"]
[BlackFideId "13301373"]
[WhiteElo "2389"]
[BlackElo "2130"]
[Result "1-0"]
[Round "2"]
[TimeControl "180+2"]
[Date "2023.06.06"]
[WhiteClock "0:02:09"]
[BlackClock "0:01:41"]
[Board "116"]

1. Nf3 g6 2. h4 h5 3. d4 d5 4. Nc3 Nf6 5. Bf4 c6 6. e3 Bg4 7. Be2 e6 8. Ne5 Bxe2 9. Qxe2 Bb4 10. f3 Nfd7 11. Nd3 Bxc3+ 12. bxc3 Qa5 13. Qd2 Nb6 14. O-O Nc4 15. Qe1 O-O 16. a4 Nd7 17. Kh2 Rae8 18. Bh6 e5 19. e4 dxe4 20. fxe4 exd4 21. cxd4 Qc7+ 22. e5 f5 23. Bxf8 Nxf8 24. Qg3 Nd2 25. Rxf5 Ne4 26. Rxf8+ Kxf8 27. Qxg6 1-0


[Site "https://www.chess.com"]

[Event "Titled Tuesday Blitz June 6 Early 2023"]
[White "Matveeva, Olga"]
[Black "Dragnev, Valentin"]
[WhiteFideId "24107018"]
[BlackFideId "1634852"]
[WhiteElo "2009"]
[BlackElo "2487"]
[Result "0-1"]
[Round "2"]
[TimeControl "180+2"]
[Date "2023.06.06"]
[WhiteClock "0:00:13"]
[BlackClock "0:01:38"]
[Board "117"]

1. d4 Nf6 2. c4 e6 3. g3 Bb4+ 4. Bd2 c5 5. Nf3 O-O 6. Bg2 Qb6 7. O-O Nc6 8. Bxb4 Qxb4 9. d5 exd5 10. cxd5 Qxb2 11. Nbd2 Nb4 12. Nc4 Qc2 13. a3 Qxd1 14. Rfxd1 Nbxd5 15. Nfe5 Nc3 16. Rd2 d5 17. Nd6 Rb8 18. Rc1 d4 19. e3 Be6 20. exd4 cxd4 21. Nxb7 Rfc8 22. Kh1 Nce4 23. Rxc8+ Bxc8 24. Bxe4 Nxe4 25. Rxd4 Bxb7 0-1


[Site "https://www.chess.com"]